TOP OF THE 1ST |
Appleton Foxes batting - Pitching for Wisconsin Rapids Timber Rattlers : LHP Jesus Sausedo
|
Pitching: LHP Jesus Sausedo
|
|
Batting: LHB Mike Woodard
|
0-0: Ball 1-0: Ground out 4-3 (Groundball, 13, EV 84.4 MPH)
|
Batting: RHB Philip Sutton
|
0-0: Ball 1-0: Ground out 4-3 (Groundball, 4S, EV 77.5 MPH)
|
Batting: RHB Chris Brown
|
0-0: Called Strike 0-1: SINGLE (Groundball, 34D, EV 98.1 MPH)
|
Batting: RHB Randy Asadoor
|
0-0: Ball 1-0: Foul Ball, location: 2F 1-1: Ball 2-1: Fly out, F8 (Flyball, 8LM, EV 95.0 MPH)
|
Top of the 1st over - 0 runs, 1 hit, 0 errors, 1 left on base; Appleton 0 - Wisconsin Rapids 0 |
BOTTOM OF THE 1ST |
Wisconsin Rapids Timber Rattlers batting - Pitching for Appleton Foxes : RHP Danny Ortiz
|
Pitching: RHP Danny Ortiz
|
|
Batting: RHB Tim Pyznarski
|
0-0: Foul Ball, location: 2F 0-1: Called Strike 0-2: Strikes out swinging
|
Batting: RHB Jim Presley
|
0-0: Ball 1-0: Called Strike 1-1: Ground out 4-3 (Groundball, 34D, EV 106.3 MPH)
|
Batting: LHB Dion James
|
0-0: Ball 1-0: Called Strike 1-1: Ground out 4-3 (Groundball, 4, EV 90.0 MPH)
|
Bottom of the 1st over - 0 runs, 0 hits, 0 errors, 0 left on base; Appleton 0 - Wisconsin Rapids 0 |
TOP OF THE 2ND |
Appleton Foxes batting - Pitching for Wisconsin Rapids Timber Rattlers : LHP Jesus Sausedo
|
Batting: RHB Howard Lopes
|
0-0: Foul Ball, location: 2F 0-1: Ball 1-1: Swinging Strike 1-2: Strikes out swinging
|
Batting: RHB Victor Mata
|
0-0: Ball 1-0: Ball 2-0: Ball 3-0: Called Strike 3-1: Foul Ball, location: 2F 3-2: Ground out 5-3 (Groundball, 56, EV 85.0 MPH)
|
Batting: LHB John Csefalvay
|
0-0: Ground out U3 (Groundball, 3, EV 91.9 MPH)
|
Top of the 2nd over - 0 runs, 0 hits, 0 errors, 0 left on base; Appleton 0 - Wisconsin Rapids 0 |
BOTTOM OF THE 2ND |
Wisconsin Rapids Timber Rattlers batting - Pitching for Appleton Foxes : RHP Danny Ortiz
|
Batting: LHB Greg Smith
|
0-0: Called Strike 0-1: Called Strike 0-2: Fly out, F6 (Popup, 6MS, EV 78.8 MPH)
|
Batting: LHB Matt Hall
|
0-0: Ball 1-0: Foul Ball, location: 2F 1-1: DOUBLE (Flyball, 89XD, EV 107.5 MPH)
|
Batting: RHB Darryl Motley
|
0-0: Swinging Strike 0-1: Ball 1-1: Ball 2-1: Ball 3-1: Base on Balls
|
Batting: LHB Jimmy Hickman
|
0-0: Ball 1-0: Ball 2-0: Called Strike 2-1: Ball 3-1: Fly out, F7 (Line Drive, 78M, EV 97.5 MPH)
|
Batting: RHB Al Pedrique
|
0-0: Called Strike 0-1: Ball 1-1: Ball 2-1: Fielders Choice at 2nd, 5-4 (Groundball, 56, EV 87.5 MPH)
|
Bottom of the 2nd over - 0 runs, 1 hit, 0 errors, 2 left on base; Appleton 0 - Wisconsin Rapids 0 |
TOP OF THE 3RD |
Appleton Foxes batting - Pitching for Wisconsin Rapids Timber Rattlers : LHP Jesus Sausedo
|
Batting: RHB Robert Gilles
|
0-0: Called Strike 0-1: Swinging Strike 0-2: Ball 1-2: Strikes out swinging
|
Batting: RHB Douglas Lulay
|
0-0: Called Strike 0-1: Swinging Strike 0-2: Ball 1-2: Ball 2-2: Ground out 5-3 (Groundball, 56S, EV 74.4 MPH)
|
Batting: LHB Mike Woodard
|
0-0: Foul Ball, location: 2F 0-1: Swinging Strike 0-2: Ground out 1-3 (Groundball, 13S, EV 67.5 MPH)
|
Top of the 3rd over - 0 runs, 0 hits, 0 errors, 0 left on base; Appleton 0 - Wisconsin Rapids 0 |
BOTTOM OF THE 3RD |
Wisconsin Rapids Timber Rattlers batting - Pitching for Appleton Foxes : RHP Danny Ortiz
|
Batting: RHB David Peterson
|
0-0: Called Strike 0-1: Ball 1-1: Fly out, F8 (Line Drive, 8LM, EV 90.6 MPH)
|
Batting: RHB Tim Pyznarski
|
0-0: Ball 1-0: Called Strike 1-1: Swinging Strike 1-2: DOUBLE (Line Drive, 3D, EV 106.3 MPH)
|
Batting: RHB Jim Presley
|
0-0: Ball 1-0: Ball 2-0: Ball 3-0: Called Strike 3-1: Base on Balls
|
Batting: LHB Dion James
|
0-0: Foul Ball, location: 2F 0-1: Foul Ball, location: 2F 0-2: Ball 1-2: Ball 2-2: Ball 3-2: Base on Balls Tim Pyznarski to third Jim Presley to second
|
Batting: LHB Greg Smith
|
0-0: Ball 1-0: Ball 2-0: Fielders Choice at 2nd, 6-4 (Groundball, 6, EV 75.6 MPH) Tim Pyznarski scores Jim Presley to third
|
Batting: LHB Matt Hall
|
0-0: Called Strike 0-1: Ball 1-1: Fly out, F8 (Flyball, 8RD, EV 88.1 MPH)
|
Bottom of the 3rd over - 1 run, 1 hit, 0 errors, 2 left on base; Appleton 0 - Wisconsin Rapids 1 |
TOP OF THE 4TH |
Appleton Foxes batting - Pitching for Wisconsin Rapids Timber Rattlers : LHP Jesus Sausedo
|
Batting: RHB Philip Sutton
|
0-0: Ball 1-0: SINGLE (Groundball, 5S, EV 75.0 MPH) (infield hit)
|
Batting: RHB Chris Brown
|
0-0: Fielders Choice at 2nd, 6-4 (Groundball, 6, EV 80.6 MPH)
|
Batting: RHB Randy Asadoor
|
0-0: 2-RUN HOME RUN (Flyball, 7LD, EV 93.8 MPH), Distance : 358 ft
|
Batting: RHB Howard Lopes
|
0-0: Ball 1-0: Called Strike 1-1: Called Strike 1-2: Strikes out swinging
|
Batting: RHB Victor Mata
|
0-0: Foul Ball, location: 2F 0-1: Ball 1-1: Foul Ball, location: 2F 1-2: Fly out, F7 (Line Drive, 7D, EV 95.0 MPH)
|
Top of the 4th over - 2 runs, 2 hits, 0 errors, 0 left on base; Appleton 2 - Wisconsin Rapids 1 |
BOTTOM OF THE 4TH |
Wisconsin Rapids Timber Rattlers batting - Pitching for Appleton Foxes : RHP Danny Ortiz
|
Batting: RHB Darryl Motley
|
0-0: Called Strike 0-1: Ball 1-1: Foul Ball, location: 2F 1-2: Foul Ball, location: 2F 1-2: Foul Ball, location: 2F 1-2: Ball 2-2: Ball 3-2: Foul Ball, location: 2F 3-2: Foul Ball, location: 2F 3-2: Base on Balls
|
Batting: LHB Jimmy Hickman
|
0-0: Ball 1-0: Ball 2-0: Ball 3-0: Base on Balls Darryl Motley to second
|
Batting: RHB Al Pedrique
|
0-0: Called Strike 0-1: Foul Ball, location: 2F 0-2: SINGLE (Groundball, 56D, EV 101.3 MPH) Darryl Motley to third Jimmy Hickman to second Runner from 3rd tries for Home, SAFE, throw by LF to home Jimmy Hickman to third Al Pedrique to second
|
Batting: RHB David Peterson
|
0-0: Called Strike 0-1: Ball 1-1: Called Strike 1-2: SINGLE (Groundball, 13S, EV 72.5 MPH) (infield hit)
|
Batting: RHB Tim Pyznarski
|
0-0: Ball 1-0: Foul Ball, location: 2F 1-1: Fly out, F8 (Flyball, 8LXD, EV 94.4 MPH) Runner from 3rd tags up, SCORES, no throw by CF
|
Batting: RHB Jim Presley
|
0-0: Ball 1-0: Called Strike 1-1: Ball 2-1: Swinging Strike 2-2: Ball 3-2: Base on Balls Al Pedrique to third David Peterson to second
|
Batting: LHB Dion James
|
0-0: Foul Ball, location: 2F 0-1: Ball 1-1: Foul Ball, location: 2F 1-2: Foul Ball, location: 2F 1-2: Ball 2-2: Ball 3-2: Strikes out swinging
|
Batting: LHB Greg Smith
|
0-0: Ball 1-0: DOUBLE (Groundball, 3L, EV 97.5 MPH) Al Pedrique scores David Peterson scores Jim Presley to third Runner from 3rd tries for Home, SAFE, throw by RF to trailing runner, SAFE at third!
|
Pitching: RHP John McGuckin
|
|
Batting: LHB Matt Hall
|
0-0: Called Strike 0-1: SINGLE (Groundball, 6D, EV 100.0 MPH) Greg Smith scores
|
Batting: RHB Darryl Motley
|
0-0: Ball Matt Hall is caught stealing 2nd base 2-4
|
Bottom of the 4th over - 6 runs, 4 hits, 0 errors, 0 left on base; Appleton 2 - Wisconsin Rapids 7 |
TOP OF THE 5TH |
Appleton Foxes batting - Pitching for Wisconsin Rapids Timber Rattlers : LHP Jesus Sausedo
|
Batting: LHB John Csefalvay
|
0-0: Fly out, F9 (Flyball, 9LD, EV 103.1 MPH)
|
Batting: RHB Robert Gilles
|
0-0: Foul Ball, location: 2F 0-1: Ball 1-1: Ground out 6-3 (Groundball, 6S, EV 70.0 MPH)
|
Batting: RHB Douglas Lulay
|
0-0: Called Strike 0-1: Foul Ball, location: 2F 0-2: Strikes out looking
|
Top of the 5th over - 0 runs, 0 hits, 0 errors, 0 left on base; Appleton 2 - Wisconsin Rapids 7 |
BOTTOM OF THE 5TH |
Wisconsin Rapids Timber Rattlers batting - Pitching for Appleton Foxes : RHP John McGuckin
|
Batting: RHB Darryl Motley
|
0-0: Ball 1-0: Called Strike 1-1: Ball 2-1: Foul Ball, location: 2F 2-2: Foul Ball, location: 2F 2-2: Foul Ball, location: 2F 2-2: Foul Ball, location: 2F 2-2: Foul Ball, location: 2F 2-2: Fly out, F9 (Line Drive, 9, EV 90.0 MPH)
|
Batting: LHB Jimmy Hickman
|
0-0: Called Strike 0-1: Ball 1-1: Called Strike 1-2: Ball 2-2: DOUBLE (Groundball, 5L, EV 103.1 MPH)
|
Batting: RHB Al Pedrique
|
0-0: Ball 1-0: Called Strike 1-1: Ball 2-1: Ground out 4-3 (Groundball, 4, EV 106.9 MPH) Jimmy Hickman to third
|
Batting: RHB David Peterson
|
0-0: Called Strike 0-1: Swinging Strike 0-2: Ground out 6-3 (Groundball, 6M, EV 86.3 MPH)
|
Bottom of the 5th over - 0 runs, 1 hit, 0 errors, 1 left on base; Appleton 2 - Wisconsin Rapids 7 |
TOP OF THE 6TH |
Appleton Foxes batting - Pitching for Wisconsin Rapids Timber Rattlers : LHP Jesus Sausedo
|
Batting: LHB Mike Woodard
|
0-0: Ball 1-0: Ground out 4-3 (Groundball, 4, EV 84.4 MPH)
|
Batting: RHB Philip Sutton
|
0-0: Ball 1-0: Foul Ball, location: 2F 1-1: Foul Ball, location: 2F 1-2: Strikes out swinging
|
Batting: RHB Chris Brown
|
0-0: Called Strike 0-1: Foul Ball, location: 2F 0-2: Foul Ball, location: 2F 0-2: Ball 1-2: Ground out 5-3 (Groundball, 56S, EV 91.9 MPH)
|
Top of the 6th over - 0 runs, 0 hits, 0 errors, 0 left on base; Appleton 2 - Wisconsin Rapids 7 |
BOTTOM OF THE 6TH |
Wisconsin Rapids Timber Rattlers batting - Pitching for Appleton Foxes : RHP John McGuckin
|
Batting: RHB Tim Pyznarski
|
0-0: Called Strike 0-1: Ball 1-1: Ground out 4-3 (Groundball, 34, EV 108.1 MPH)
|
Batting: RHB Jim Presley
|
0-0: Called Strike 0-1: SINGLE (Line Drive, 56, EV 96.3 MPH)
|
Batting: LHB Dion James
|
0-0: Ball 1-0: Called Strike 1-1: Foul Ball, location: 2F 1-2: Ball 2-2: Grounds into double play, 4-6-3 (Groundball, 4, EV 85.6 MPH)
|
Bottom of the 6th over - 0 runs, 1 hit, 0 errors, 0 left on base; Appleton 2 - Wisconsin Rapids 7 |
TOP OF THE 7TH |
Appleton Foxes batting - Pitching for Wisconsin Rapids Timber Rattlers : LHP Jesus Sausedo
|
Batting: RHB Randy Asadoor
|
0-0: Ball 1-0: Called Strike 1-1: Ball 2-1: Swinging Strike 2-2: Strikes out looking
|
Batting: RHB Howard Lopes
|
0-0: Ball 1-0: Foul Ball, location: 2F 1-1: Ball 2-1: Called Strike 2-2: Ball 3-2: Base on Balls
|
Batting: RHB Victor Mata
|
0-0: Called Strike 0-1: Ball 1-1: Ball 2-1: SINGLE (Line Drive, 9S, EV 98.8 MPH) Howard Lopes to second Runner from 2nd tries for 3rd, SAFE, throw by RF made to third
|
Batting: LHB John Csefalvay
|
0-0: Fielders Choice at 2nd, 3-6 (Groundball, 3S, EV 91.3 MPH) Howard Lopes scores
|
Batting: RHB Robert Gilles
|
0-0: Called Strike 0-1: DOUBLE (Line Drive, 7LS, EV 97.5 MPH) John Csefalvay to third Runner from 3rd tries for Home, SAFE, throw by LF to home
|
Batting: RHB Douglas Lulay
|
0-0: Ball 1-0: Called Strike 1-1: Called Strike 1-2: Ground out 4-3 (Groundball, 4, EV 86.9 MPH)
|
Top of the 7th over - 2 runs, 2 hits, 0 errors, 1 left on base; Appleton 4 - Wisconsin Rapids 7 |
BOTTOM OF THE 7TH |
Wisconsin Rapids Timber Rattlers batting - Pitching for Appleton Foxes : RHP John McGuckin
|
Batting: LHB Greg Smith
|
0-0: Ball 1-0: Swinging Strike 1-1: Ball 2-1: Called Strike 2-2: Ground out 6-3 (Groundball, 6, EV 80.0 MPH)
|
Batting: LHB Matt Hall
|
0-0: Called Strike 0-1: Ball 1-1: Swinging Strike 1-2: Strikes out swinging
|
Batting: RHB Darryl Motley
|
0-0: Called Strike 0-1: Ball 1-1: Foul Ball, location: 2F 1-2: Fly out, F9 (Flyball, 89XD, EV 92.5 MPH)
|
Bottom of the 7th over - 0 runs, 0 hits, 0 errors, 0 left on base; Appleton 4 - Wisconsin Rapids 7 |
TOP OF THE 8TH |
Appleton Foxes batting - Pitching for Wisconsin Rapids Timber Rattlers : LHP Jesus Sausedo
|
Batting: LHB Mike Woodard
|
0-0: Foul Ball, location: 2F 0-1: Ball 1-1: Fly out, F8 (Flyball, 8RD, EV 101.3 MPH)
|
Batting: RHB Philip Sutton
|
0-0: Ball 1-0: Foul Ball, location: 2F 1-1: SINGLE (Groundball, 34S, EV 73.1 MPH) (infield hit)
|
Batting: RHB Chris Brown
|
0-0: Called Strike 0-1: Foul Ball, location: 2F 0-2: Ball 1-2: Strikes out swinging
|
Batting: RHB Randy Asadoor
|
0-0: Called Strike 0-1: Ball 1-1: SINGLE (Line Drive, 7S, EV 105.0 MPH) Philip Sutton to second
|
Batting: RHB Howard Lopes
|
0-0: Ball 1-0: SINGLE (Flyball, 4D, EV 91.3 MPH) Philip Sutton to third Randy Asadoor to second Runner from 3rd tries for Home, SAFE, throw by RF to home
|
Pitching: LHP Scott Bailes
|
|
Batting: RHB Victor Mata
|
0-0: Called Strike 0-1: Fly out, F8 (Flyball, 8RS, EV 86.3 MPH)
|
Top of the 8th over - 1 run, 3 hits, 0 errors, 2 left on base; Appleton 5 - Wisconsin Rapids 7 |
BOTTOM OF THE 8TH |
Wisconsin Rapids Timber Rattlers batting - Pitching for Appleton Foxes : RHP John McGuckin
|
Batting: LHB Jimmy Hickman
|
0-0: Ball 1-0: Called Strike 1-1: Fly out, F7 (Flyball, 7LS, EV 89.4 MPH)
|
Batting: RHB Al Pedrique
|
0-0: Ground out 3-1 (Groundball, 34S, EV 85.0 MPH)
|
Batting: RHB David Peterson
|
0-0: SOLO HOME RUN (Flyball, 7LD, EV 100.0 MPH), Distance : 366 ft
|
Batting: RHB Tim Pyznarski
|
0-0: Ball 1-0: Ball 2-0: Called Strike 2-1: Ball 3-1: DOUBLE (Line Drive, 3D, EV 108.1 MPH)
|
Pitching: RHP Steve Mapel
|
|
Batting: RHB Jim Presley
|
0-0: Ball 1-0: Fly out, F4 (Popup, 4S, EV 63.8 MPH)
|
Bottom of the 8th over - 1 run, 2 hits, 0 errors, 1 left on base; Appleton 5 - Wisconsin Rapids 8 |
TOP OF THE 9TH |
Appleton Foxes batting - Pitching for Wisconsin Rapids Timber Rattlers : LHP Scott Bailes
|
Batting: LHB John Csefalvay
|
0-0: Ball 1-0: Foul Ball, location: 2F 1-1: Ground out 6-3 (Groundball, 6, EV 96.3 MPH)
|
Batting: RHB Robert Gilles
|
0-0: Ball 1-0: Ball 2-0: Ball 3-0: Base on Balls
|
Batting: RHB Douglas Lulay
|
0-0: Grounds into double play, 6-4-3 (Groundball, 6, EV 100.0 MPH)
|
Top of the 9th over - 0 runs, 0 hits, 0 errors, 0 left on base; Appleton 5 - Wisconsin Rapids 8 |
|